 Dungeon Crawl Stone Soup version 0.30.0-10-gfe55d96785 (webtiles) character file.

Game seed: 1881118337685775240

81 sasquatch the Cudgeller (level 4, -6/26 HPs)
             Began as a Gargoyle Reaver on May 13, 2023.
             Killed from afar by an orc wizard (10 damage)
             ... with a magic dart
             ... on level 3 of the Dungeon.
             The game lasted 00:03:03 (1623 turns).

sasquatch the Cudgeller (Gargoyle Reaver)           Turns: 1623, Time: 00:03:04

Health: -6/26      AC:  7    Str: 17    XL:     4   Next: 40%
Magic:  7/7        EV: 11    Int: 14    God:
Gold:   146        SH:  0    Dex:  8    Spells: 6/7 levels left

rFire   . . .        a - +0 mace
rCold   . . .        (no shield)
rNeg    + . .        b - +0 leather armour
rPois   ∞            (no helmet)
rElec   +            d - +0 cloak
rCorr   .            (no gloves)
SInv    .            (no boots)
Will    .....        i - amulet of the acrobat Stlth
                     (no ring)
HPRegen 0.24/turn    (no ring)
MPRegen 0.10/turn

%: acrobat
@: confused, mighty
A: sickness immunity, AC +3, negative energy resistance 1, electricity
resistance, torment resistance 1, petrification resistance
a: no special abilities


You were on level 3 of the Dungeon.
You visited 1 branch of the dungeon, and saw 3 of its levels.

You collected 146 gold pieces.

Inventory:

Hand Weapons
 a - a +0 mace (weapon)
Missiles
 f - 3 poisoned darts
Armour
 b - a +0 leather armour (worn)
 d - a +0 cloak (worn)
 m - a +0 ring mail
Jewellery
 c - an amulet of reflection
 i - an amulet of the acrobat (around neck)
Scrolls
 e - 2 scrolls of enchant weapon {unknown}
 g - 2 scrolls of fog {unknown}
 h - 2 scrolls of identify {unknown}
 j - a scroll of immolation {unknown}
 k - a scroll of vulnerability {unknown}
 l - 3 scrolls of noise {unknown}
Potions
 o - a potion of brilliance {unknown}
 p - a potion of lignification {unknown}
 q - a potion of heal wounds {unknown}


   Skills:
 - Level 2.1 Fighting
 + Level 5.1 Maces & Flails
 - Level 1.5 Dodging
 - Level 2.0 Spellcasting
 - Level 3.2 Conjurations


You had 6 spell levels left.
You knew the following spells:

 Your Spells              Type           Power      Damage    Failure   Level
a - Kiss of Death         Conj/Necr      24%        2d7       16%         1

Your spell library contained the following spells:

 Spells                   Type           Power      Damage    Failure   Level
 Momentum Strike          Conj/Tloc      12%        3d8       22%         2
 Hailstorm                Conj/Ice       6%         3d4       41%         3


Dungeon Overview and Level Annotations

Branches:
Dungeon (3/15)

Altars:


Innate Abilities, Weirdness & Mutations

You are immune to sickness and miasma.
Your stone body is resilient. (AC +3)
You are immune to poison.
You resist negative energy. (rN+)
You are resistant to electric shocks. (rElec)
You are resistant to unholy torment.
You are immune to petrification.


Message History

The orc wizard is moderately wounded.
The orc wizard hits you but does no damage.
The orc barely misses you.
Unknown command.
You closely miss the orc wizard.
The orc wizard is moderately wounded.
The orc wizard hits you but does no damage.
The orc closely misses you.
Unknown command.
You closely miss the orc wizard.
The orc wizard is moderately wounded.
The orc wizard gestures at you while chanting.
The puff of flame hits you!
* * * LOW HITPOINT WARNING * * *
The orc closely misses you.
Unknown command.
It was a potion of might.
You feel very mighty all of a sudden.
The orc wizard hits you but does no damage.
The orc closely misses you.
Unknown command.
You bump into the rock wall.
The orc wizard hits you but does no damage.
The orc misses you.
Unknown command.
You hit the orc.
The orc is heavily wounded.
The orc wizard hits you but does no damage.
The orc hits you with a +0 club.
* * * LOW HITPOINT WARNING * * *
The orc barely misses you.
The orc wizard casts a spell.
The orc wizard flickers and vanishes!
Deactivating autopickup; reactivate with Ctrl-A.
You closely miss the orc.
The orc is heavily wounded.
You hear some strange, mumbled words.
A magic dart appears from out of thin air!
The magic dart hits you!
You die...

...#### ....) .......
...... ##### ##......
..... #..#.#.# ....#
####.##.#.# ....#
#.......#@#####
....####....^.#.{o...###
..............))........
..†.#.........#.#....###
......##......#.##......
....####......#.#...####
.....#####..#.......#
..........)..........
####.....#.......#..##


You could see an orc.

Vanquished Creatures
  3 adders (D:2)
  2 worms
  2 orcs (D:3)
  2 bats (D:1)
  5 endoplasms
  3 giant cockroaches
  8 goblins
  3 hobgoblins
  2 kobolds
  A quokka (D:3)
  6 ball pythons
  5 frilled lizards
  3 rats
45 creatures vanquished.

Notes
Turn   | Place    | Note
-------+----------+-------------------------------------------
     0 | D:1      | sasquatch the Gargoyle Reaver began the quest for the Orb.
     0 | D:1      | Reached XP level 1. HP: 12/12 MP: 3/3
   180 | D:1      | Reached XP level 2. HP: 17/17 MP: 5/5
   802 | D:2      | Reached skill level 4 in Maces & Flails
   900 | D:2      | Reached XP level 3. HP: 21/21 MP: 6/6
  1094 | D:2      | Found the +2 Maxwell's thermic engine {flame, freeze, rev}
  1374 | D:2      | Reached XP level 4. HP: 24/26 MP: 7/7
  1552 | D:3      | Reached skill level 5 in Maces & Flails
  1623 | D:3      | Killed from afar by an orc wizard

Illustrated notes

Levels and vault maps discovered:
D:1:      psy_arrival_dodecagon, layout_basic, serial_bayou_pond_e
D:2:      layout_basic
D:3:      layout_rooms, nicolae_hepliaklqana_hippocampus,
          nicolae_ecumenical_snake_handling, ebering_ghost_disaster_area,
          hangedman_abyss_or_decor_lesser_grid, uniq_terence

Skill      XL: |  1  2  3  4 |
---------------+-------------+-----
Maces & Flails | 4 5 |  5.1
Fighting       | |  2.1
Dodging        | |  1.5
Spellcasting   | |  2.0
Conjurations   | |  3.2

Action                     |  1- 3 |  4- 6 || total
---------------------------+-------+-------++-------
  Melee: Mace              |   157 |    29 ||   186
         Punch             |     1 |       ||     1
    Use: Potion            |       |     1 ||     1
 Armour: Leather armour    |    50 |    17 ||    67
  Dodge: Dodged            |    89 |    31 ||   120
  Block: Other             |    20 |       ||    20
